[ AOE2 MATCH · #475068620 ]
Team RMMagyars vs Gurjaras
[ REPLAY ANALYSIS · EXTRACTED FROM THE RECORDED GAME ]
Feudal
—
Castle
—
Imperial
—
| APM avg | 33.3 |
| APM peak | 9 |
| eAPM avg | 33.3 |
| Villagers / military | 0 / 0 |
Feudal
—
Castle
—
Imperial
—
| APM avg | 33.3 |
| APM peak | 9 |
| eAPM avg | 33.3 |
| Villagers / military | 8 / 0 |
Focus
⚔️ 0.0% · 🌾 100.0%
Feudal
—
Castle
—
Imperial
—
| APM avg | 40.7 |
| APM peak | 11 |
| eAPM avg | 29.6 |
| Villagers / military | 4 / 0 |
Focus
⚔️ 0.0% · 🌾 100.0%
Feudal
—
Castle
—
Imperial
—
| APM avg | 37.0 |
| APM peak | 10 |
| eAPM avg | 29.6 |
| Villagers / military | 3 / 0 |
Focus
⚔️ 0.0% · 🌾 100.0%
Feudal
—
Castle
—
Imperial
—
| APM avg | 44.4 |
| APM peak | 12 |
| eAPM avg | 37.0 |
| Villagers / military | 3 / 0 |
Focus
⚔️ 0.0% · 🌾 100.0%
Feudal
—
Castle
—
Imperial
—
| APM avg | 37.0 |
| APM peak | 10 |
| eAPM avg | 37.0 |
| Villagers / military | 1 / 0 |
Focus
⚔️ 0.0% · 🌾 100.0%
Feudal
—
Castle
—
Imperial
—
| APM avg | 33.3 |
| APM peak | 9 |
| eAPM avg | 33.3 |
| Villagers / military | 0 / 0 |
Focus
⚔️ 50.0% · 🌾 50.0%
Feudal
—
Castle
—
Imperial
—
| APM avg | 18.5 |
| APM peak | 5 |
| eAPM avg | 7.4 |
| Villagers / military | 0 / 0 |
Match map
Initial resources + every placement click. Lines = walls · curves = elevation contours. ◆ gold · ⬟ stone · ● berries · ✦ relic · ◌ wall gap
Inputs per minute
— 包莖 - - C15-kyosokyoku
Build order — 包莖
0 actions detected in the replay
Build order — C15-kyosokyoku
2 actions detected in the replay
| 0:02 | Create | Villager (Male) ×4 |
| 0:02 | Create | Villager (Male) ×4 |
Build order — _LY_Pala
6 actions detected in the replay
| 0:02 | Create | Villager (Male) |
| 0:03 | Create | Villager (Male) |
| 0:03 | Create | Villager (Male) |
| 0:03 | Create | Villager (Male) |
| 0:08 | Build | House |
| 0:10 | Build | House |
Build order — CloudNood
5 actions detected in the replay
| 0:01 | Create | Villager (Male) |
| 0:02 | Create | Villager (Male) |
| 0:02 | Create | Villager (Male) |
| 0:04 | Build | House |
| 0:08 | Build | House |
Build order — _LY_lyx
5 actions detected in the replay
| 0:02 | Create | Villager (Male) |
| 0:02 | Create | Villager (Male) |
| 0:03 | Build | House |
| 0:04 | Build | House |
| 0:06 | Create | Villager (Male) |
Build order — no army
2 actions detected in the replay
| 0:02 | Create | Villager (Male) |
| 0:05 | Build | House |
Build order — 啥牌子的
2 actions detected in the replay
| 0:09 | Build | Barracks |
| 0:14 | Build | House |
Build order — 合川狗大高手
0 actions detected in the replay
Match timeline
| 0:01 | 包莖 · resign |
| 0:09 | 啥牌子的 · first_building Barracks |
[ AI ANALYSIS · 1 CREDIT ]
What really happened in this match?
Wolo.gg analyzes every decision: build order, eco, micro, common mistakes by bracket. Personalized analysis on WhatsApp or Discord in 30 seconds.
Civ guide
Magyars
Map guide
Arabia
Perfil
Jugador #212421